 Dungeon Crawl Stone Soup version 0.24-a0-317-g5cb8de4 (webtiles) character file.

Game seed: 3811810114830291633

207 MisterFreud the Changer (level 5, -1/33 HPs)
             Began as an Octopode Transmuter on May 16, 2019.
             Slain by a black bear (5 damage)
             ... on level 6 of the Dungeon.
             The game lasted 00:05:35 (3015 turns).

MisterFreud the Changer (Octopode Transmuter)       Turns: 3015, Time: 00:05:36

Health: -1/33      AC:  2    Str: 10    XL:     5   Next: 85%
Magic:  3/10       EV: 19    Int: 16    God:
Gold:   65         SH:  0    Dex: 17    Spells: 4/10 levels left

rFire    . . .     SeeInvis .     - Unarmed
rCold    . . .     Gourm    .   (shield currently unavailable)
rNeg     . . .     Faith    .   (helmet currently unavailable)
rPois    x         Spirit   .   (no amulet)
rElec    .         Reflect  .   (no ring)
rCorr    .         Harm     .   (no ring)
MR       .....                  (no ring)
Stlth    ++........             (no ring)
HPRegen  0.11/turn              (no ring)
MPRegen  0.12/turn              (no ring)
                                (no ring)
                                (no ring)

@: spider-form (expiring), very slightly contaminated
A: tiny, almost no armour, stealthy swim, (amphibious), 8 rings, (constrict 8)
a: End Transformation


You were on level 6 of the Dungeon.
You were not hungry.
You were a venomous arachnid creature.
You visited 2 branches of the dungeon, and saw 5 of its levels.

You collected 65 gold pieces.

Inventory:

Missiles
 a - 36 arrows
 b - 129 stones (quivered)
 e - 48 bolts
 k - 11 poisoned darts
Scrolls
 j - 2 scrolls of teleportation
Potions
 d - a potion of heal wounds
 f - a potion of haste
 h - a potion of curing {unknown}
 i - 2 potions of mutation
Comestibles
 c - 3 rations


   Skills:
 - Level 1.0 Fighting
 - Level 2.0 Dodging
 - Level 3.0 Unarmed Combat
 + Level 3.4 Spellcasting
 * Level 4.9 Transmutations


You had 4 spell levels left.
You knew the following spells:

 Your Spells              Type           Power        Failure   Level  Hunger
a - Beastly Appendage     Tmut           ###...       9%          1    None
b - Sticks to Snakes      Tmut           ###.....     12%         2    ##.....
c - Spider Form           Tmut/Pois      ##........   38%         3    ###....

Your spell library contained the following spells:

 Spells                   Type           Power        Failure   Level  Hunger
 Ice Form                 Ice/Tmut       ##......     75%         4    ####...
 Blade Hands              Tmut           ###.......   75%         5    ######.


Dungeon Overview and Level Annotations

Branches:
Dungeon (6/15)             Temple (1/1) D:6

Altars:
Ashenzari
Cheibriados
Elyvilon
Fedhas
Gozag
Kikubaaqudgha
Nemelex Xobeh
Okawaru
Qazlal
Ru
Sif Muna
Trog
Uskayaw
Wu Jian
Yredelemnul
Zin
The Shining One

Annotations:
D:2 Sigmund


Innate Abilities, Weirdness & Mutations

You cannot wear most types of armour.
You are very stealthy in the water. (Stealth+)
((You are amphibious.))
You can wear up to eight rings at the same time.
((You can use your tentacles to constrict eight enemies at once.))
((Your skin changes colour to match your surroundings (Stealth+).))
((Your rubbery body absorbs attacks. (AC +1, EV +1)))


Message History

The black bear looks as sick as possible!
The black bear is heavily wounded.
The black bear completely misses you. The black bear closely misses you.
The black bear claws you.
You hit the black bear.
The black bear is severely wounded.
Your transformation is almost over.
The black bear closely misses you. The black bear completely misses you.
The black bear claws you.
* * * LOW HITPOINT WARNING * * *
The black bear goes berserk!
The black bear rages.
You hit the black bear.
The black bear looks as sick as possible!
The black bear is almost dead.
The black bear bites you.
* * * LOW HITPOINT WARNING * * *
The black bear closely misses you. x2; The black bear misses you.
The black bear claws you.
You die...

#.........
#........ .##
###...... ..#
........# #.#
..$.....# ###.#
###.....####.8.##
#.....##......#
#.###.##.8.>.8# #
#.......hs#
######.8h#..#
######.# .# #


You could see a black bear (berserk) and a hound.

Vanquished Creatures
  A bullfrog (D:3)
  An orc wizard (D:3)
  An iguana (D:6)
  3 worms
  A leopard gecko (D:2)
  13 orcs
  A ball python (D:3)
  5 bats
  3 giant cockroaches
  2 goblins
  14 hobgoblins
  2 jackals (D:3)
  3 kobolds
  A quokka (D:2)
  A frilled lizard (D:1)
  9 rats
61 creatures vanquished.

Notes
Turn   | Place    | Note
-------+----------+-------------------------------------------
     0 | D:1      | MisterFreud the Octopode Transmuter began the quest for the
                  | Orb.
     0 | D:1      | Reached XP level 1. HP: 13/13 MP: 3/3
   247 | D:1      | Reached XP level 2. HP: 12/18 MP: 3/5
   785 | D:1      | Reached skill level 3 in Transmutations
   957 | D:1      | Learned a level 2 spell: Sticks to Snakes
  1090 | D:1      | Reached XP level 3. HP: 18/23 MP: 4/6
  1096 | D:1      | Learned a level 3 spell: Spider Form
  1444 | D:2      | Found an opulent altar of Gozag.
  1444 | D:2      | Found a sacrificial altar of Ru.
  1449 | D:2      | Found a deep blue altar of Sif Muna.
  1451 | D:2      | Found a hide-covered altar of Uskayaw.
  1453 | D:2      | Found a snail-covered altar of Cheibriados.
  1854 | D:3      | Reached XP level 4. HP: 16/28 MP: 1/8
  1862 | D:3      | Reached skill level 4 in Transmutations
  2258 | D:3      | Noticed a bullfrog
  2265 | D:3      | Killed a bullfrog
  2265 | D:3      | Reached XP level 5. HP: 33/33 MP: 5/9
  2510 | D:2      | Noticed Sigmund
  2779 | D:3      | You fall through a shaft for 3 floors!
  2780 | D:6      | Found a staircase to the Ecumenical Temple.
  2788 | Temple   | Entered the Ecumenical Temple
  2988 | D:6      | Noticed a black bear
  3015 | D:6      | Slain by a black bear

Levels and vault maps discovered:
D:1:      lightli_arrival_maybe_door_vault, layout_basic,
          corexii_hall_statues_i, kennysheep_crisscross,
          minmay_misc_feat_more_columns
D:2:      layout_basic, nicolae_overflow_crystal_walls,
          chequers_temple_overflow_minitemple, minmay_strange_pillars,
          uniq_sigmund
D:3:      layout_basic, first_ration
D:6:      layout_loops_ring, doesnt_xom_only_xom,
          minmay_temple_entry_statues_pillars, chequers_serial_rivers_small_b,
          minmay_misc_feat_nine_boxes
Temple:   hc_temple_tempest_star

Skill      XL: |  1  2  3  4 |
---------------+-------------+-----
Transmutations | 3 4 |  4.9
Spellcasting   | 3 |  3.4
Fighting       | |  1.0
Dodging        | |  2.0
Unarmed Combat | |  3.0

Action                   |  1- 3 |  4- 6 || total
-------------------------+-------+-------++-------
Melee: Unarmed           |    80 |    68 ||   148
       Constrict         |    25 |     9 ||    34
       Tentacles         |    11 |     6 ||    17
       Kick              |    12 |       ||    12
       Punch             |     1 |     2 ||     3
 Cast: Beastly Appendage |    11 |       ||    11
       Spider Form       |     3 |     8 ||    11
  Use: Scroll            |     4 |     2 ||     6
       Potion            |       |     1 ||     1
 Stab: Sleeping          |     8 |     1 ||     9
  Eat: Chunk             |     3 |     3 ||     6
       Ration            |       |     1 ||     1
Armor: Skin              |     6 |     2 ||     8
Dodge: Dodged            |    34 |    50 ||    84

Table legend:
 A = Non-vault XP
 B = Vault XP
 C = Vault XP percentage of total XP
 D = Non-vault monster count
 E = Vault monster count
 F = Vault count percentage of total count
                 A         B        C        D         E       F
            +---------+---------+-------+---------+---------+-------
      Total |     296 |       0 |   0.0 |      61 |       0 |   0.0
            +---------+---------+-------+---------+---------+-------
        D:1 |      42 |       0 |   0.0 |      26 |       0 |   0.0
        D:2 |      22 |       0 |   0.0 |       7 |       0 |   0.0
        D:3 |     193 |       0 |   0.0 |      27 |       0 |   0.0
        D:6 |      39 |       0 |   0.0 |       1 |       0 |   0.0
            +---------+---------+-------+---------+---------+-------
